 Dungeon Crawl Stone Soup version 0.30-a0-122-g2a1322497e (webtiles) character file.

Game seed: 14930643152187677014

25 p0werm0de the Chopper (level 3, -1/31 HPs)
             Began as a Meteoran Chaos Knight on Sept 15, 2022.
             Was a Plaything of Xom.
             Slain by Robin the wyvern (shapeshifter) (16 damage)
             ... on level 2 of the Dungeon.
             The game lasted 00:00:18 (142 turns).

p0werm0de the Chopper (Meteoran Chaos Knight)        Turns: 142, Time: 00:00:18

Health: -1/31      AC:  5    Str: 15    XL:     3   Next: 35%
Magic:  4/4        EV: 11    Int: 13    God:    Xom [..*...]
Gold:   10         SH:  0    Dex: 14    Spells: 2/2 levels left

rFire   . . .      SeeInvis .    a - +0 hand axe (chaos)
rCold   . . .      Faith    .    (no shield)
rNeg    . . .      Spirit   .    b - +2 leather armour
rPois   .          Reflect  .    (no helmet)
rElec   .          Harm     .    (no cloak)
rCorr   .          Rampage  .    (no gloves)
Will    .....                    (no boots)
Stlth   +.........               (no amulet)
HPRegen 0.10/turn                (no ring)
MPRegen 0.09/turn                (no ring)

@: glowing
A: sense surroundings 1, otherworldly, glowing, explore regen
a: Renounce Religion


You were on level 2 of the Dungeon.
You worshipped Xom.
You were a toy of Xom.
You visited 1 branch of the dungeon, and saw 2 of its levels.

You collected 10 gold pieces.

Inventory:

Hand Weapons
 a - a +0 hand axe of chaos (weapon)
Armour
 b - a +2 leather armour (worn)
Potions
 d - a potion of lignification {unknown}
Miscellaneous
 c - a piece from Xom's chessboard (15/15) (quivered)


   Skills:
 * Level 3.6 Fighting
 * Level 4.0 Axes
 * Level 2.9 Armour
 - Level 1.2 Dodging
 * Level 1.3 Evocations


You had 2 spell levels left.
You didn't know any spells.
Your spell library contained the following spells:

 Spells                   Type           Power      Damage    Failure   Level
 Portal Projectile        Hex/Tloc       0%         N/A       75%         3
 Tukima's Dance           Hex            0%         N/A       75%         3
 Blade Hands              Tmut           0%         N/A       100%        5


Dungeon Overview and Level Annotations

Branches:
Dungeon (1/15) Zot: 1054

Altars:

Annotations:
D:2 Robin


Innate Abilities, Weirdness & Mutations

You passively map a small area around you.
You are easily found by Zot.
You glow in the dark.
You regain HP and MP as you explore.


Message History

You hit the endoplasm. The endoplasm barely misses you.
You hit the endoplasm. You freeze the endoplasm.
You kill the endoplasm!
You hit Robin.
Robin changes into a shapeshifter!
You hit the endoplasm.
Robin the shapeshifter changes into a blink frog!
The endoplasm freezes you.
You are frozen.
You are too injured to fight recklessly!
You are too injured to fight recklessly!
You are too injured to fight recklessly!
You are too injured to fight recklessly!
You are too injured to fight recklessly!
You are too injured to fight recklessly!
You are too injured to fight recklessly!
You are too injured to fight recklessly!
You are too injured to fight recklessly!
You are too injured to fight recklessly!
You are too injured to fight recklessly!
You are too injured to fight recklessly!
Okay, then.
Things that are here:
a +0 dagger; a +0 dagger; a goblin corpse The endoplasm attacks as you move away!
The endoplasm hits you. The endoplasm attacks as you move away!
The endoplasm hits you but does no damage.
Robin of the Strong Arm comes into view.
The endoplasm attacks as you move away! The endoplasm closely misses you.
You hit the endoplasm but do no damage.
The endoplasm is moderately wounded.
The endoplasm closely misses you. The endoplasm attacks as you move away!
The endoplasm hits you. The endoplasm attacks as you move away!
The endoplasm hits you but does no damage.
The endoplasm attacks as you move away!
The endoplasm hits you but does no damage.
There is a stone staircase leading down here.
Robin bites you!
Ouch! That really hurt!
You die...
Xom chuckles heartily!

#########*#.. .....
#.......###.###.....
#.............)!...#
#.......... ##.# **
#.....)..####).#
#........##...## *
#...........###
#.......#.### *
#.>@l.....#
#...J....†###
#######..)..# *
###..###.#
,.........#
..........##
...........##### ,
................*
...........####.


You could see Robin the wyvern and an endoplasm.

Vanquished Creatures
  A dart slug (D:1)
  2 endoplasms (D:2)
  8 goblins (D:2)
  3 hobgoblins (D:2)
  A kobold (D:2)
  A ball python (D:2)
  3 rats
19 creatures vanquished.

Notes
Turn   | Place    | Note
-------+----------+-------------------------------------------
     0 | D:1      | p0werm0de the Meteoran Chaos Knight began the quest for the
                  | Orb.
     0 | D:1      | Reached XP level 1. HP: 19/19 MP: 2/2
    60 | D:1      | XOM: potion effect (brilliance)
    71 | D:1      | You fall into a shaft and drop 1 floor!
   103 | D:2      | Reached XP level 2. HP: 26/26 MP: 3/3
   113 | D:2      | Noticed Robin
   115 | D:2      | Reached skill level 1 in Evocations
   120 | D:2      | Reached XP level 3. HP: 27/31 MP: 4/4
   125 | D:2      | Reached skill level 4 in Axes
   129 | D:2      | Noticed Robin
   129 | D:2      | Robin changed into Robin the shapeshifter
   129 | D:2      | Noticed Robin
   129 | D:2      | Robin the shapeshifter changed into Robin the blink frog
   133 | D:2      | Noticed Robin
   142 | D:2      | Slain by Robin the wyvern (shapeshifter)

Illustrated notes

Levels and vault maps discovered:
D:1:      psy_arrival_radial01, layout_loops_corners, skrybe_limestone_x,
          hangedman_decor_clover_reticule
D:2:      layout_rooms, nicolae_ecumenical_pavilion, st_stairs_10,
          moated_statue, uniq_robin

Skill      XL: |  1  2  3 |
---------------+----------+-----
Evocations     | 1 |  1.3
Axes           | 4 |  4.0
Fighting       | |  3.6
Armour         | |  2.9
Dodging        | |  1.2

Action                   || total
-------------------------++-------
Melee: Hand axe          ||    27
       Punch             ||     1
  Use: Scroll            ||     1
Armor: Leather armour    ||    13
Dodge: Dodged            ||    15

Table legend: (Time is in decaauts)
 A = Elapsed time spent in this place.
 B = Non-inter-level travel time spent in this place.
 C = Inter-level travel time spent in this place.
 D = Time resting spent in this place.
 E = Time spent auto-exploring this place.
 F = Levels seen in this place.
 G = Mean time per level.
                   A        B        C        D        E       F      G
               +--------+--------+--------+--------+--------+-----+--------+
         Total |    144 |    144 |      0 |      0 |     79 |   2 |   72.0 |
       Dungeon |    144 |    144 |      0 |      0 |     79 |   2 |   72.0 |
               +--------+--------+--------+--------+--------+-----+--------+

Top non-repeatable levels by time:
     D:2: 73 daAuts
     D:1: 71 daAuts
